 Dungeon Crawl Stone Soup version 0.30-a0-1114-gd936c97349 (webtiles) character file.

Game seed: 1633350567040315440

435 leviel the Trooper (level 7, -4/60 HPs)
             Began as a Hill Orc Fighter on Apr 20, 2023.
             Slain by an iron imp (9 damage)
             ... summoned by Eustachio
             ... on level 5 of the Dungeon.
             The game lasted 00:06:26 (4143 turns).

leviel the Trooper (Hill Orc Fighter)               Turns: 4143, Time: 00:06:26

Health: -4/60      AC:  8    Str: 21    XL:     7   Next: 0%
Magic:  8/8        EV:  9    Int:  8    God:
Gold:   261        SH:  5    Dex: 16    Spells: 6/6 levels left

rFire   . . .      SeeInvis +    a - +0 long sword
rCold   . . .      Faith    .    c - +0 buckler
rNeg    . . .      Spirit   .    b - +0 scale mail
rPois   .          Reflect  .    (no helmet)
rElec   .          Rampage  .    j - +0 cloak
rCorr   .                        (no gloves)
Will    .....                    (no boots) Stlth
                                 (no amulet)
HPRegen 0.30/turn                e - ring of see invisible
MPRegen 0.11/turn                k - +6 ring of dexterity

@: no status effects
A: no striking features
a: no special abilities


You were on level 5 of the Dungeon.
You visited 1 branch of the dungeon, and saw 5 of its levels.

You collected 261 gold pieces.

Inventory:

Hand Weapons
 a - a +0 long sword (weapon)
Missiles
 d - a throwing net
 h - 6 poisoned darts (quivered)
Armour
 b - a +0 scale mail (worn)
 c - a +0 buckler (worn)
 j - a +0 cloak (worn)
Jewellery
 e - a ring of see invisible (left hand)
 k - a +6 ring of dexterity (right hand)
 m - a +6 ring of intelligence
 s - a ring of poison resistance
Wands
 n - a wand of digging (6)
Scrolls
 l - 2 scrolls of identify {@r1}
Potions
 f - 4 potions of flight
 g - 2 potions of curing
 i - a potion of magic
 o - 3 potions of brilliance
 p - 3 potions of attraction
 q - a potion of might
 r - a potion of ambrosia {unknown}


   Skills:
 + Level 4.5 Fighting
 * Level 4.3 Long Blades
 * Level 2.6 Throwing
 + Level 4.2 Armour
 + Level 4.1 Shields
 + Level 2.4 Invocations
 + Level 1.8 Evocations


You had 6 spell levels left.
You didn't know any spells.
Your spell library contained the following spells:

 Spells                   Type           Power      Damage    Failure   Level
 Ensorcelled Hibernation  Hex/Ice        0%         N/A       92%         2
 Lesser Beckoning         Tloc           0%         N/A       92%         2
 Passwall                 Tmut/Erth      0%         N/A       92%         2
 Gell's Gravitas          Tloc           0%         N/A       99%         3
 Swiftness                Air            0%         N/A       99%         3
 Teleport Other           Tloc           0%         N/A       99%         3


Dungeon Overview and Level Annotations

Branches:
Dungeon (5/15)
 Temple: D:4-7

Altars:

Annotations:
D:2 1 runed translucent door, Crazy Yiuf
D:5 Eustachio


Message History

The puff of frost hits you.
The shadow imp hits you but does no damage.
You barely miss Eustachio.
Eustachio is severely wounded.
The bat closely misses you. Eustachio misses you. The jelly misses you.
The shadow imp hits you but does no damage.
The white imp gestures at you.
The puff of frost hits you but does no damage.
The bat barely misses you.
Eustachio casts a spell.
Eustachio blinks!
The jelly hits you but does no damage. The bat barely misses you.
The iron imp hits you but does no damage.
The jelly hits you but does no damage.
The iron imp hits you but does no damage.
The white imp gestures at you. The puff of frost hits you.
The shadow imp closely misses you. Eustachio hits you with a +0 rapier.
You slash Eustachio!
Eustachio is almost dead.
The shadow imp closely misses you. The iron imp barely misses you.
Eustachio casts a spell.
Eustachio blinks!
The jelly hits you but does no damage.
You slash the shadow imp!
The shadow imp is almost dead.
The shadow imp hits you.
* * * LOW HITPOINT WARNING * * *
You block the iron imp's attack. The jelly hits you but does no damage.
Eustachio casts a spell.
Eustachio blinks!
You closely miss the shadow imp.
The shadow imp is almost dead.
The shadow imp gestures at you. Pain shoots through your body!
* * * LOW HITPOINT WARNING * * *
The jelly barely misses you.
Eustachio twirls his moustache.
Eustachio mumbles some strange words.
Eustachio blinks!
The iron imp hits you!
You die...

#.#.#.#.#..
#.........#
##.#.#.#.#.#
.#..........####
....#.#.#.#.....
................
....#.#.#§#.....
.......@J5..#...
......#55....@..
.....##b..#.#...
........§#### .
.........<..#
........##..#
..##....# ...#
....... ....#
....#.. .>..#


You could see Eustachio, a jelly, an iron imp (summoned), a white imp
(summoned), a shadow imp (summoned) and a bat (summoned).

Vanquished Creatures
  Sigmund (D:3)
  A hound (D:4)
  Jessica (D:2)
  An orc wizard (D:2)
  10 gnolls
  2 adders (D:4)
  2 worms
  A dart slug (D:4)
  8 orcs
  5 bats
  7 endoplasms
  5 giant cockroaches
  4 goblins
  8 hobgoblins
  2 jackals (D:4)
  7 kobolds
  3 quokkas
  2 ball pythons
  3 frilled lizards
  2 rats
75 creatures vanquished.

Notes
Turn   | Place    | Note
-------+----------+-------------------------------------------
     0 | D:1      | leviel the Hill Orc Fighter began the quest for the Orb.
     0 | D:1      | Reached XP level 1. HP: 19/19 MP: 1/1
   216 | D:1      | Reached XP level 2. HP: 27/27 MP: 2/2
   686 | D:2      | Reached skill level 1 in Invocations
   686 | D:2      | Reached XP level 3. HP: 19/33 MP: 3/3
   711 | D:2      | Reached XP level 4. HP: 11/40 MP: 4/4
  1091 | D:2      | Reached skill level 1 in Throwing
  1392 | D:2      | Noticed Jessica
  1407 | D:2      | Reached skill level 1 in Evocations
  1410 | D:2      | Killed Jessica
  1411 | D:2      | Reached XP level 5. HP: 33/46 MP: 6/6
  1590 | D:2      | Found a runed translucent door.
  1591 | D:2      | Noticed Crazy Yiuf
  2427 | D:3      | Noticed Sigmund
  2464 | D:3      | Killed Sigmund
  2465 | D:3      | Reached XP level 6. HP: 10/53 MP: 7/7
  4008 | D:4      | Reached XP level 7. HP: 55/60 MP: 8/8
  4126 | D:5      | Entered Level 5 of the Dungeon
  4127 | D:5      | Noticed Eustachio
  4143 | D:5      | Slain by an iron imp

Illustrated notes

Levels and vault maps discovered:
D:1:      mrwooster_arrival_arrow, layout_basic
D:2:      layout_loops_corners, uniq_jessica, uniq_crazy_yiuf_cottage
D:3:      layout_basic, serial_park_tiny_1, uniq_sigmund
D:4:      layout_basic, minivault_27
D:5:      layout_cave_pools, nicolae_ossuary_entry_ruins,
          cheibrodos_sewer_entry_bend, serial_glass, glass_columns_c,
          glass_columns_b, glass_columns_c, glass_columns_b,
          due_unseen_surprise, minmay_strange_pillars, minmay_strange_pillars,
          uniq_eustachio

Skill      XL: |  1  2  3  4  5 |
---------------+----------------+-----
Invocations    | 1 2 |  2.4
Long Blades    | 3 4 |  4.3
Throwing       | 1 2 |  2.6
Fighting       | 4 |  4.5
Evocations     | 1 |  1.8
Armour         | 4 |  4.2
Shields        | 4 |  4.1

Action                     |  1- 3 |  4- 6 |  7- 9 || total
---------------------------+-------+-------+-------++-------
  Melee: Long sword        |    83 |   222 |    12 ||   317
    Use: Scroll            |     4 |     8 |       ||    12
         Potion            |     2 |     5 |       ||     7
 Armour: Scale mail        |    36 |   108 |    18 ||   162
  Dodge: Dodged            |    45 |   110 |    20 ||   175
  Block: Buckler           |    16 |    60 |     7 ||    83

Table legend: (Time is in decaauts)
 A = Elapsed time spent in this place.
 B = Non-inter-level travel time spent in this place.
 C = Inter-level travel time spent in this place.
 D = Time resting spent in this place.
 E = Time spent auto-exploring this place.
 F = Levels seen in this place.
 G = Mean time per level.
                   A        B        C        D        E       F      G
               +--------+--------+--------+--------+--------+-----+--------+
         Total |   4211 |   4032 |    179 |    641 |   2677 |   5 |  842.2 |
       Dungeon |   4211 |   4032 |    179 |    641 |   2677 |   5 |  842.2 |
               +--------+--------+--------+--------+--------+-----+--------+

Top non-repeatable levels by time:
     D:3: 1351 daAuts
     D:4: 1170 daAuts
     D:2: 1112 daAuts
     D:1: 558 daAuts
     D:5: 19 daAuts
